 Dungeon Crawl Stone Soup version 0.29-a0-214-g17f627cfee (webtiles) character file.

Game seed: 8520983575565803330

439 siradein the Chiller (level 7, -2/50 HPs)
             Began as a Ghoul Ice Elementalist on Feb 25, 2022.
             Killed by divine providence
             ... invoked by an orc priest
              (12 damage)
             ... on level 4 of the Dungeon.
             The game lasted 00:17:02 (5388 turns).

siradein the Chiller (Ghoul Ice Elementalist)       Turns: 5388, Time: 00:17:03

Health: -2/50      AC:  9    Str: 12    XL:     7   Next: 1%
Magic:  0/11       EV: 12    Int: 12    God:
Gold:   136        SH:  0    Dex:  9    Spells: 2/13 levels left

rFire   . . .      SeeInvis +   (no weapon)
rCold   + . .      Faith    .   (no shield)
rNeg    + + +      Spirit   .   m - +0 animal skin
rPois   ∞          Reflect  .   l - +0 helmet
rElec   .          Harm     .   (no cloak)
rCorr   .          Rampage  .   (no gloves)
Will    .....                   (no boots)
Stlth   ++........              z - amulet of the acrobat
HPRegen 0.00/turn               d - ring of see invisible
MPRegen 0.12/turn               (no ring)

@: ice-armoured, about to teleport, inhibited regen
A: claws 1, cold resistance 1, negative energy resistance 3, inhibited
regeneration, torment resistance 2
a: no special abilities


You were on level 4 of the Dungeon.
You visited 1 branch of the dungeon, and saw 4 of its levels.

You collected 136 gold pieces.

Inventory:

Missiles
 i - a throwing net
 w - 109 stones
Armour
 l - a +0 helmet (worn)
 m - a +0 animal skin (worn)
Magical Staves
 p - a staff of earth
Jewellery
 d - a ring of see invisible (left claw)
 z - an amulet of the acrobat (around neck)
Wands
 k - a wand of flame (27)
Scrolls
 b - a scroll of fear {unknown}
 c - a scroll of vulnerability {unknown}
 f - 4 scrolls of teleportation
 s - a scroll of enchant weapon {unknown}
 x - 2 scrolls of identify {unknown}
 y - a scroll of enchant armour {unknown}
Potions
 a - a potion of brilliance {unknown}
 e - 2 potions of lignification {unknown}
 g - 2 potions of flight {unknown}
 h - a potion of mutation {unknown}
 j - a potion of resistance {unknown}
 n - a potion of ambrosia {unknown}
 o - 3 potions of attraction {unknown}
 q - a potion of berserk rage {unknown}
 r - a potion of invisibility {unknown}
 t - a potion of heal wounds {unknown}
 u - a potion of cancellation {unknown}
 v - 3 potions of curing {unknown}


   Skills:
 + Level 4.0 Dodging
 - Level 2.1 Stealth
 + Level 3.8 Spellcasting
 + Level 6.2 Ice Magic


You had 2 spell levels left.
You knew the following spells:

 Your Spells              Type           Power      Damage    Failure   Level
a - Freeze                Ice            68%        1d8       1%          1
b - Frozen Ramparts       Ice            34%        1d5       5%          3
c - Ozocubu's Armour      Ice            17%        N/A       5%          3
d - Hailstorm             Conj/Ice       9%         3d4       52%         4

Your spell library contained the following spells:

 Spells                   Type           Power      Damage    Failure   Level
 Magic Dart               Conj           8%         1d3       22%         1
 Call Imp                 Summ           2%         N/A       34%         2
 Mephitic Cloud           Conj/Pois/Air  2%         N/A       56%         3


Dungeon Overview and Level Annotations

Branches:
Dungeon (4/15)
 Temple: D:4-7

Altars:
Qazlal

Annotations:
D:4 Dowan


Innate Abilities, Weirdness & Mutations

You thrive by killing the living.
You are immune to poison.
You have sharp fingernails.
Your flesh is cold resistant. (rC+)
You are immune to negative energy. (rN+++)
You do not regenerate when monsters are visible.
You are immune to unholy pain and torment.


Message History

Duvessa hits you with a +0 short sword!
You closely miss the orc.
The orc is severely wounded.
The orc barely misses you. Duvessa closely misses you.
You scratch the orc.
You kill the orc!
You feel better.
You scratch the orc priest but do no damage.
Dowan casts a spell.
Dowan blinks!
The orc priest hits you but does no damage.
Duvessa says, "Where magic fails, the sword succeeds!"
Duvessa closely misses you.
Casting: Freeze (safe; 1% risk of failure)
Confirm with . or Enter, or press ? or * to list all spells.
Aiming: Freeze (safe; 1% risk of failure)
Press: ? - help, Shift-Dir - straight line, f/p - Duvessa
Aim: Duvessa, wielding a +0 short sword and wearing a +0 leather armour (almost dead)
You freeze Duvessa!
You kill Duvessa!
You feel better.
Dowan's eyes darken. "You have made a black mistake."
Dowan seems to find hidden reserves of power!
Dowan shakes with grief.
Dowan hits you with a +0 dagger. The orc priest barely misses you.
Your Dodging skill increases to level 4!
You have reached level 7!
As you read the scroll labelled WUSOBB NUCEC, it crumbles to dust.
You feel strangely unstable.
It was a scroll of teleportation.
Dowan closely misses you.
The orc priest hits you but does no damage.
You scratch the orc priest.
The orc priest is lightly wounded.
Dowan points at you and mumbles some strange words.
The stone arrow hits you!
* * * LOW HITPOINT WARNING * * *
Dowan hits you but does no damage.
The orc priest calls down the wrath of Beogh upon you.
Beogh smites you!
You die...

#..## ##..## ##..##
.. #<..###...
##........ #...#####
##.### ##o## ##@##
##e## ##.## ##.##
##.##
##..###############
##...#...#...#.#...#
#..#..#..#.$#...#..#
#..##..#.#.#.$...#.#
.


You could see Dowan (fast) and an orc priest.

Vanquished Creatures
  Duvessa (D:4)
  3 orc priests
  Natasha (thrice) (D:2)
  Robin (D:1)
  5 adders
  An adder skeleton (D:4)
  2 worms
  6 dart slugs
  9 orcs
  6 endoplasms
  A giant cockroach (D:3)
  17 goblins
  6 hobgoblins
  3 jackals (D:3)
  A quokka (D:1)
  7 ball pythons
  5 bats
  5 frilled lizards
  8 kobolds
  7 rats
97 creatures vanquished.

Vanquished Creatures (others)
  4 plants (D:3)
4 creatures vanquished.

Grand Total: 101 creatures vanquished

Notes
Turn   | Place    | Note
-------+----------+-------------------------------------------
     0 | D:1      | siradein the Ghoul Ice Elementalist began the quest for the
                  | Orb.
     0 | D:1      | Reached XP level 1. HP: 14/14 MP: 2/2
   354 | D:1      | Reached XP level 2. HP: 6/20 MP: 0/4
   925 | D:1      | Reached XP level 3. HP: 26/26 MP: 3/5
  1027 | D:1      | Learned a level 3 spell: Frozen Ramparts
  1348 | D:2      | Found a faded altar of an unknown god.
  1443 | D:2      | Noticed Robin
  1736 | D:1      | Killed Robin
  1866 | D:1      | Reached skill level 5 in Ice Magic
  1870 | D:1      | Reached XP level 4. HP: 33/33 MP: 1/6
  1920 | D:1      | Learned a level 3 spell: Ozocubu's Armour
  2591 | D:2      | Noticed Natasha
  2603 | D:2      | Killed Natasha
  2604 | D:2      | Reached XP level 5. HP: 33/38 MP: 1/8
  3058 | D:2      | Noticed Natasha
  3066 | D:2      | Killed Natasha
  3244 | D:2      | Found a faded altar of an unknown god.
  3332 | D:2      | Noticed Natasha
  3352 | D:2      | Killed Natasha
  3353 | D:2      | Reached XP level 6. HP: 45/45 MP: 1/9
  4611 | D:3      | Found a stormy altar of Qazlal.
  4650 | D:3      | Reached skill level 6 in Ice Magic
  5311 | D:4      | Learned a level 4 spell: Hailstorm
  5338 | D:4      | Noticed Duvessa
  5350 | D:4      | Noticed Dowan
  5386 | D:4      | Killed Duvessa
  5387 | D:4      | Reached XP level 7. HP: 26/50 MP: 0/11
  5388 | D:4      | Killed from afar by an orc priest

Illustrated notes

Levels and vault maps discovered:
D:1:      minmay_arrival_five_plusses, layout_loops_ring, minmay_pentomino_w4
D:2:      layout_loops_cross, nicolae_ecumenical_oubliette,
          corexii_corridor_pit, minmay_bisected, uniq_robin, uniq_natasha
D:3:      layout_basic, mainiacjoe_overflow_surrounded_room,
          serial_bayou_pond_c, minmay_fountain_box
D:4:      layout_cave_pods, hangedman_decor_diamond_cutter, uniq_duvessa

Skill      XL: |  1  2  3  4  5  6 |
---------------+-------------------+-----
Dodging        | 2 3 4 |  4.0
Spellcasting   | 2 3 |  3.8
Ice Magic      | 5 6 |  6.2
Stealth        | |  2.1

Action                   |  1- 3 |  4- 6 |  7- 9 || total
-------------------------+-------+-------+-------++-------
Melee: Unarmed           |    31 |    33 |     1 ||    65
 Cast: Freeze            |    35 |   111 |       ||   146
       Frozen Ramparts   |     2 |     7 |       ||     9
       Ozocubu's Armour  |       |     1 |       ||     1
  Use: Scroll            |       |       |     1 ||     1
 Stab: Sleeping          |     1 |       |       ||     1
Armor: Robe              |     6 |       |       ||     6
       Animal skin       |     1 |    14 |     2 ||    17
Dodge: Dodged            |    35 |    75 |     1 ||   111

Table legend: (Time is in decaauts)
 A = Elapsed time spent in this place.
 B = Non-inter-level travel time spent in this place.
 C = Inter-level travel time spent in this place.
 D = Time resting spent in this place.
 E = Time spent auto-exploring this place.
 F = Levels seen in this place.
 G = Mean time per level.
                   A        B        C        D        E       F      G
               +--------+--------+--------+--------+--------+-----+--------+
         Total |   5393 |   5209 |    184 |    379 |   4023 |   4 | 1348.2 |
       Dungeon |   5393 |   5209 |    184 |    379 |   4023 |   4 | 1348.2 |
               +--------+--------+--------+--------+--------+-----+--------+

Top non-repeatable levels by time:
     D:2: 2182 daAuts
     D:1: 1874 daAuts
     D:3: 1148 daAuts
     D:4: 188 daAuts
